AoeStats
← O grande

Arabia

508843580Analyzed
1v1 RM · 7d ago on Sep 24, 2026· 41m 58s· 2 players
Game mode
Random Map
Map size
Tiny (2 player)
Population
200
Speed
Normal
Resources
Standard
Victory
Conquest
Starting age
Dark Age
Ending age
Imperial Age
RankedLock teamsTeams togetherTeam positionsShared explorationLock speedFull tech treeHidden civsTurbo modeCheats
Victory
Defeat
🇧🇷 Gurjaras · Brazil
2114
+4
🇲🇦 Cumans · Morocco
1789
-4
kiwik
3:58 Loom
6:27 Loom
8:49 Feudal Age
9:38 Double-Bit Axe
21:55 Castle Age
20:22 Fletching
20:57 Padded Archer Armor
22:36 Bodkin Arrow
22:20 Elite Skirmisher
26:42 Bow Saw
27:33 Horse Collar
29:59 Pikeman
30:43 Scale Mail Armor
31:26 Wheelbarrow
31:39 Leather Archer Armor
36:27 Imperial Age
34:34 Thumb Ring
35:01 Stone Mining
35:46 Scale Barding Armor
36:19 Bloodlines
36:50 Chain Barding Armor
36:45 Heavy Plow
36:31 Cavalier
38:26 Ring Archer Armor
39:31 Plate Barding Armor
39:45 Ballistics
39:44 Forging
40:46 Hand Cart
O grande
6:03 Loom
9:00 Feudal Age
13:12 Fletching
19:41 Castle Age
17:49 Double-Bit Axe
18:00 Horse Collar
18:14 Gold Mining
20:43 Bow Saw
20:56 Bodkin Arrow
20:32 Crossbowman
23:43 Heavy Plow
25:47 Wheelbarrow
25:46 Town Watch
26:21 Stone Mining
27:14 Gold Shaft Mining
30:34 Hand Cart
34:27 Imperial Age
32:17 Thumb Ring
32:13 Padded Archer Armor
33:13 Forging
33:04 Scale Mail Armor
33:36 Bloodlines
34:16 Town Patrol
34:56 Stone Shaft Mining
34:33 Husbandry
35:37 Bracer
36:25 Leather Archer Armor
36:52 Conscription
36:59 Conscription
36:49 Elite Elephant Archer
38:29 Ballistics
39:09 Chemistry
37:39 Light Cavalry
38:43 Scale Barding Armor
39:22 Crop Rotation
40:16 Heavy Camel Rider
41:28 Chain Barding Armor
42:39 Frontier Guards
42:34 Kshatriyas
Connection lost

Rejoining the realm…

Still unreachable

The connection could not be restored.

Session expired

The server has moved on; the page needs a fresh start.